 Dungeon Crawl Stone Soup version 0.27.0-1-g7a089689b8 (webtiles) character file.

Game seed: 8703088356616183997

107 Sin92 the Shield-Bearer (level 4, -2/40 HPs)
             Began as a Minotaur Fighter on Aug 14, 2021.
             Was an Initiate of Okawaru.
             Killed by nerve-wracking pain
             ... invoked by Jessica
              (5 damage)
             ... on level 3 of the Dungeon.
             The game lasted 00:02:45 (2277 turns).

Sin92 the Shield-Bearer (Minotaur Fighter)          Turns: 2277, Time: 00:02:46

Health: -2/40      AC: 10    Str: 21    XL:     4   Next: 56%
Magic:  3/3        EV:  8    Int:  5    God:    Okawaru [......]
Gold:   129        SH:  9    Dex: 10    Spells: 3/3 levels left

rFire    . . .     SeeInvis .   a - +0 flail
rCold    . . .     Faith    .   c - +0 kite shield
rNeg     . . .     Spirit   .   b - +0 scale mail
rPois    .         Reflect  .   (helmet restricted)
rElec    .         Harm     .   (no cloak)
rCorr    .         Rampage  .   m - +0 pair of gloves
Will     .....                  (no boots)
Stlth    ..........             (no amulet)
HPRegen  0.13/turn              (no ring)
MPRegen  0.08/turn              (no ring)

@: attractive
A: horns 2, retaliatory headbutt, iridescent scales 1
a: Renounce Religion


You were on level 3 of the Dungeon.
You worshipped Okawaru.
Okawaru was noncommittal.
You visited 1 branch of the dungeon, and saw 3 of its levels.

You collected 129 gold pieces.

Inventory:

Hand Weapons
 a - a +0 flail (weapon)
Armour
 b - a +0 scale mail (worn)
 c - a +0 kite shield (worn)
 m - a +0 pair of gloves (worn)
Jewellery
 i - a ring of positive energy
 o - a +4 ring of protection
Wands
 k - a wand of polymorph (5)
Scrolls
 f - 5 scrolls of fog {unknown}
 g - a scroll of fear {unknown}
 j - a scroll of identify {unknown}
 n - a scroll of magic mapping {unknown}
 p - a scroll of noise {unknown}
Potions
 d - a potion of might
 e - a potion of attraction
 l - a potion of degeneration {unknown}


   Skills:
 + Level 4.1 Fighting
 + Level 2.0(3.0) Axes
 + Level 3.3(3.6) Maces & Flails
 + Level 4.1 Armour
 + Level 1.3 Dodging
 + Level 4.2 Shields
 + Level 0.4 Invocations


You had 3 spell levels left.
You didn't know any spells.
Your spell library was empty.

Dungeon Overview and Level Annotations

Branches:
Dungeon (3/15)

Altars:
Okawaru

Shops:
D:1 (

Annotations:
D:3 Jessica


Innate Abilities, Weirdness & Mutations

You have a pair of horns on your head.
You reflexively headbutt those who attack you in melee.
You are partially covered in iridescent scales. (AC +2)


Message History

You kill the orc!
Okawaru accepts your kill. The orc barely misses you.
The orc hits you with a +0 trident!
* * * LOW HITPOINT WARNING * * *
Jessica mumbles some strange words.
Jessica seems to speed up.
Things that are here:
a +0 flail; a +0 leather armour; an orc corpse You hit the orc but do no damage.
Jessica mumbles some strange words.
Jessica blinks!
The orc hits you but does no damage. The orc closely misses you.
Your scale mail prevents you from hitting the orc.
The orc hits you with a +0 trident.
* * * LOW HITPOINT WARNING * * *
You hit the orc. You headbutt the orc.
You kill the orc!
Okawaru accepts your kill. The orc hits you but does no damage.
You closely miss the orc. Your headbutt misses the orc.
Jessica gestures wildly while chanting.
Jessica blinks!
You block the orc's attack.
It was a potion of mutation.
You feel extremely strange.
Iridescent scales grow over part of your body.
The orc hits you but does no damage.
It was a potion of attraction.
You feel attractive to monsters.
Jessica gestures wildly while chanting.
Jessica blinks!
The orc barely misses you. You furiously retaliate!
You headbutt the orc! Jessica is pulled toward you!
You thump the orc!
You kill the orc!
Okawaru accepts your kill.
Jessica shouts, "I don't like beings like you!"
Jessica is pulled toward you!
You barely miss Jessica. Your headbutt misses Jessica.
Jessica casts a spell at you. Pain shoots through your body!
You die...

##############
.###.#####ยง@@.........#
...........######.###.#######
.......).########.# #........
###...#...........###.#######
......................#
........########..########
#...PP..# #.)........ .#
#..####.# #..######## .# +..+
#.# #..#####


You could see Jessica (fast).

Vanquished Creatures
  3 adders
  2 dart slugs
  8 orcs (D:3)
  6 ball pythons
  8 endoplasms
  A giant cockroach (D:2)
  2 goblins
  3 hobgoblins
  6 jackals (D:1)
  3 quokkas
  6 bats
  3 frilled lizards (D:1)
  9 kobolds
  3 rats
63 creatures vanquished.

Vanquished Creatures (others)
  A plant (D:3)
1 creature vanquished.

Grand Total: 64 creatures vanquished

Notes
Turn   | Place    | Note
-------+----------+-------------------------------------------
     0 | D:1      | Sin92 the Minotaur Fighter began the quest for the Orb.
     0 | D:1      | Reached XP level 1. HP: 19/19 MP: 0/0
    88 | D:1      | Reached XP level 2. HP: 16/27 MP: 1/1
   264 | D:1      | Reached skill level 1 in Axes
   493 | D:1      | Reached XP level 3. HP: 20/33 MP: 2/2
   675 | D:1      | Found Aruifav's Antique Weapon Shop.
   937 | D:2      | Reached skill level 1 in Dodging
  1362 | D:2      | Reached XP level 4. HP: 40/40 MP: 3/3
  1743 | D:3      | Found an iron altar of Okawaru.
  1838 | D:3      | Became a worshipper of Warmaster Okawaru
  2253 | D:3      | Noticed Jessica
  2271 | D:3      | HP: 2/40 [orc (5)]
  2274 | D:3      | Gained mutation: You are partially covered in iridescent
                  | scales. (AC +2) [potion of mutation]
  2277 | D:3      | Killed from afar by Jessica

Illustrated notes

Levels and vault maps discovered:
D:1:      psy_arrival_conway, layout_basic, serial_shops, shop
D:2:      layout_basic
D:3:      corexii_shack_village, layout_loops_ring, amcnicky_altar_gilded,
          shapermc_ecumenical_altar_petra, uniq_jessica

Skill      XL: |  1  2  3  4 |
---------------+-------------+-----
Axes           | 1 2 |  2.0
Shields        | 4 |  4.2
Fighting       | 4 |  4.1
Armour         | 4 |  4.1
Dodging        | 1 |  1.3
Maces & Flails | 3 |  3.3
Invocations    | |  0.4

Action                   |  1- 3 |  4- 6 || total
-------------------------+-------+-------++-------
Melee: Flail             |   111 |    51 ||   162
       Headbutt          |    14 |     7 ||    21
  Use: Potion            |       |     2 ||     2
Armor: Scale mail        |    78 |    20 ||    98
Dodge: Dodged            |    46 |    21 ||    67
Block: Kite shield       |    73 |    26 ||    99
